Cogmind - Beta 11 @@@ ROGUE MODE // 2022.03.21 @ 08:54:06 Player: AnthonyDPS 2004 Result: Self-destructed Performance ------------- Evolutions (1) 500 Regions Visited (2) 400 Robots Destroyed (27) 135 Value Destroyed (452) 452 Prototype IDs (0) 0 Alien Tech Used (0) 0 Bonus (0) 0 TOTAL SCORE: 1487 Bonus ------- None Cogmind --------- Core Integrity 300/400 Matter 239/300 Energy 59/100 System Corruption 0% Temperature Cool (0) Movement Core (200) Ox3 Location -9/Materials Parts ------- > --- POWER (1) -------- (None) > --- PROPULSION (3) --- (None) > --- UTILITY (3) ------ Small Storage Unit ECM Suite > --- WEAPON (2) ------- Particle Cannon > --- INVENTORY (8) ---- Compact Wheel Flight Unit Improved Terrain Scanner Seismic Detector ECM Suite Utility Shielding Peak State ------------ > --- POWER ------------ Light Ion Engine > --- PROPULSION ------- Wheel Compact Wheel > --- UTILITY ---------- Small Storage Unit Improved Terrain Scanner > --- WEAPON ----------- Maul Maul > --- INVENTORY -------- Ion Engine Compact Wheel Improved Terrain Scanner Seismic Detector Assault Rifle Assault Rifle Light Assault Rifle Mining Laser [Rating: 12] Favorites ----------- Power Ion Engine Engine Ion Engine Propulsion Compact Wheel Leg Aluminum Leg Wheel Compact Wheel Hover Unit Improved Hover Unit Flight Unit Flight Unit Utility Small Storage Unit Device Improved Terrain Scanner Storage Small Storage Unit Protection Utility Shielding Weapon Maul Energy Cannon Particle Cannon Ballistic Gun Assault Rifle Special Weapon Mining Laser Impact Weapon Maul Build | -11 -10 -9 ------- Run | Scr Mat Mat Slots Evolved 2 | . . 2 Power . | . . . Propulsion 1 | . . 1 Utility 1 | . . 1 Weapon . | . . . Parts Attached 35 | 12 15 8 Power 5 | 1 3 1 Engine 5 | 1 3 1 Core . | . . . Reactor . | . . . Propulsion 15 | 6 7 2 Treads . | . . . Leg 2 | 2 . . Wheel 9 | 4 5 . Hover 2 | . . 2 Flight 2 | . 2 . Utility 8 | 2 3 3 Device 6 | 1 2 3 Storage 1 | 1 . . Processor . | . . . Hackware . | . . . Protection 1 | . 1 . Artifact . | . . . Weapon 7 | 3 2 2 Energy Gun . | . . . Energy Cannon 1 | . . 1 Ballistic Gun 2 | 2 . . Ballistic Cannon . | . . . Launcher . | . . . Special Weapon 2 | 1 . 1 Impact Weapon 2 | . 2 . Slashing Weapon . | . . . Piercing Weapon . | . . . Special Melee Weapon . | . . . Unidentified Prototypes . | . . . Parts Lost 9 | . 4 5 Power 3 | . 2 1 Propulsion 5 | . 2 3 Utility 1 | . . 1 Weapon . | . . . Highest Loss Streak 5 | . 2 5 To Critical Strikes . | . . . Average Slot Usage (%) 90 | . 93 71 Engine 12 | . 12 7 Wheel 21 | . 24 . Hover 2 | . . 18 Flight 3 | . 2 10 Device 13 | . 13 16 Storage 13 | . 14 11 Ballistic Gun 1 | . 1 . Special Weapon 1 | . 1 . Impact Weapon 20 | . 23 . Naked Turns . | . . . Heaviest Build 17 | 12 17 15 Greatest Support 32 | 26 32 14 Greatest Overweight (x) 3 | . 1 3 Average Overweight (x) . | . . . Largest Inventory Capacity 8 | 8 8 8 Average Capacity 7 | 7 8 8 Most Carried 8 | 8 8 8 Average Carried 7 | 6 7 7 Final Capacity 8 | 8 8 8 Final Carried 8 | 8 8 6 Class Distribution -------------------- 97% | Mutant Dominant Class ---------------- Mutant | -10/Materials Mutant | -9/Materials Resources | -11 -10 -9 ----------- Run | Scr Mat Mat Matter Collected 492 | 333 125 34 Remotely . | . . . Salvage Created 691 | 106 551 34 Parts 21 | 8 11 2 Haulers Intercepted 1 | . 1 . Recyclers Shooed 1 | 1 . . Parts Field Recycled . | . . . Retrieved Matter . | . . . Parts Self-Destructed . | . . . Prevented . | . . . Kills | -11 -10 -9 ------- Run | Scr Mat Mat Combat Hostiles Destroyed 13 | . 12 1 Melee 7 | . 7 . Cannons 1 | . . 1 Classes Destroyed 8 | 2 6 . Builder 2 | . 2 . Tunneler 3 | 2 1 . Hauler 1 | . 1 . Recycler 3 | 1 2 . Operator 2 | . 2 . Watcher 3 | . 3 . Swarmer 6 | . 6 . Grunt 7 | . 6 1 Best Kill Streak 5 | 2 5 1 Combat Bots Only 2 | . 2 1 Max Kills in Single Turn 1 | 1 1 1 Gunslinging . | . . . Exploded . | . . . Melee 1 | . 1 . Uniques/NPCs Destroyed . | . . . Combat | -11 -10 -9 -------- Run | Scr Mat Mat Damage Taken 968 | . 558 410 Core 293 | . 193 100 Absorbed by Shields . | . . . Core Remaining (%) 61 | 100 22 . Volleys Fired 19 | 11 4 4 Largest 1 | 1 1 1 Hottest 100 | 20 100 68 Shots Fired 19 | 11 4 4 Gun 11 | 11 . . Cannon 4 | . . 4 Launcher . | . . . Special 4 | . 4 . Kinetic 11 | 11 . . Thermal 8 | . 4 4 Explosive . | . . . Electromagnetic . | . . . Robot Hit Streak 6 | 6 . 1 Robot Miss Streak 1 | 1 . 1 Penetration Max . | . . . Secondary Targets . | . . . Shots Hit Robots 54 | 9 43 2 Core Hits 9 | 4 4 1 Critical Kills 1 | . 1 . Critical Parts Destroyed 10 | . 10 . Critical Strikes 11 | . 11 . Smash 11 | . 11 . Melee Attacks 66 | . 66 . Impact 66 | . 66 . Slashing . | . . . Piercing . | . . . Sneak Attacks 8 | . 8 . Combat Hostiles . | . . . Follow-up Attacks 11 | . 11 . Damage Inflicted 2175 | 112 2023 40 Guns 112 | 112 . . Cannons 40 | . . 40 Explosions . | . . . Melee 2023 | . 2023 . Ramming . | . . . Kinetic 112 | 112 . . Thermal 40 | . . 40 Explosive . | . . . Electromagnetic . | . . . Impact 2023 | . 2023 . Slashing . | . . . Piercing . | . . . Highest Corruption . | . . . Average Corruption . | . . . Corruption Purged . | . . . Corruption Blocked . | . . . Overload Shots . | . . . Overflow Damage 897 | . 897 . Projectiles . | . . . Explosions . | . . . Melee 897 | . 897 . Knockbacks 5 | . 5 . Impact 5 | . 5 . Kinetic . | . . . Secondary . | . . . Self-Inflicted Damage . | . . . Shots . | . . . Rammed . | . . . Targets Rammed . | . . . Kicked . | . . . Crushed . | . . . Highest Temperature 87 | . 20 87 Average Temperature 37 | . 12 44 Received Heat Transfer 246 | . 189 57 Siege Activations . | . . . Robots Corrupted . | . . . Combat Hostiles . | . . . Parts Fried 19 | . 19 . Impact Corruptions 44 | . 44 . Robots Melted . | . . . Combat Hostiles . | . . . Parts Melted . | . . . Heat Transferred 74 | . . 74 Parts Sabotaged . | . . . Parts Stolen . | . . . Parts Stripped . | . . . Power Chain Reactions . | . . . Missiles Intercepted . | . . . Alert | -11 -10 -9 ------- Run | Scr Mat Mat Peak Influence 235 | 15 235 221 Initial 56 | . 9 56 Average 98 | 7 107 112 Maximum Alert Level 1 | . 1 1 Low Security (%) 96 | 100 96 94 Level 1 3 | . 3 5 Level 2 . | . . . Level 3 . | . . . Level 4 . | . . . Level 5 . | . . . High Security . | . . . Max Security . | . . . Squads Dispatched 3 | . 3 . Investigation . | . . . Extermination . | . . . Reinforcement 3 | . 3 . Assault . | . . . Garrison . | . . . Intercept . | . . . Searches Triggered . | . . . Construction Impeded . | . . . Haulers Reinforced . | . . . Active Scanning Responses . | . . . Cargo Convoy Interrupts . | . . . Stealth | -11 -10 -9 --------- Run | Scr Mat Mat Distress Signals 2 | . . 2 Communications Jammed . | . . . Distress Signals . | . . . Times Spotted 35 | . 23 12 Peak Tracking Total 8 | . 4 8 Tactical Retreats 7 | . 4 3 Traps | -11 -10 -9 ------- Run | Scr Mat Mat Traps Triggered 1 | . 1 . Indirectly . | . . . Trap Hack Attempts . | . . . Triggered . | . . . Disarmed . | . . . Reprogrammed . | . . . Reused . | . . . Traps Extracted . | . . . Installed . | . . . Triggered . | . . . Machines | -11 -10 -9 ---------- Run | Scr Mat Mat Machines Disabled 1 | . . 1 Max in Single Turn 1 | . . 1 Machines Sabotaged . | . . . Garrisons Compromised . | . . . Overloaded Fab Kills . | . . . Hacking | -11 -10 -9 --------- Run | Scr Mat Mat Machines Accessed 6 | . 6 . Terminals 4 | . 4 . Fabricators . | . . . Repair Stations 1 | . 1 . Recycling Units 1 | . 1 . Scanalyzers . | . . . Garrison Access . | . . . Total Hacks 20 | . 20 . Successful 10 | . 10 . Failed 10 | . 10 . Catastrophic . | . . . Database Lockouts . | . . . Manual . | . . . Terminals 16 | . 16 . Fabricators . | . . . Repair Stations 3 | . 3 . Recycling Units 1 | . 1 . Scanalyzers . | . . . Garrison Access . | . . . Terminal Hacks 7 | . 7 . Level Access Points 1 | . 1 . Alert Level 2 | . 2 . Locate Traps 1 | . 1 . Dispatch Records 1 | . 1 . Recall Reinforcements 1 | . 1 . Zone Layout 1 | . 1 . Fabricator Hacks . | . . . Repair Station Hacks 2 | . 2 . Scan Component 2 | . 2 . Recycling Unit Hacks 1 | . 1 . Report Inventory 1 | . 1 . Scanalyzer . | . . . Garrison Access Hacks . | . . . Unauthorized Hacks . | . . . Terminals . | . . . Fabricators . | . . . Repair Stations . | . . . Recycling Units . | . . . Scanalyzers . | . . . Garrison Access . | . . . Data Cores Recovered . | . . . Used . | . . . Hacking Detections 4 | . 4 . Full Trace Events 1 | . 1 . Feedback Events . | . . . Feedback Blocked . | . . . Robot Schematics Acquired . | . . . Robots Built . | . . . Authchips . | . . . Time . | . . . Total Robot Build Rating . | . . . Part Schematics Acquired . | . . . Parts Built . | . . . Authchips . | . . . Time . | . . . Total Part Build Rating . | . . . Parts Repaired . | . . . Time . | . . . Parts Recycled . | . . . Recycled Matter . | . . . Retrieved Matter . | . . . Retrieved Components . | . . . Parts Scanalyzed . | . . . Part Schematics Acquired . | . . . Parts Damaged . | . . . Bothacking | -11 -10 -9 ------------ Run | Scr Mat Mat Used RIF Installer . | . . . Robots Hacked . | . . . Non-combat . | . . . Combat . | . . . Robot Hacks Applied . | . . . Relay Couplers Released . | . . . Fabnet Peak Effective % . | . . . Robots Rewired . | . . . Allies Hacked . | . . . Hacks Repelled . | . . . Allies | -11 -10 -9 -------- Run | Scr Mat Mat Total Allies . | . . . Largest Group . | . . . Highest-Rated Group . | . . . Highest-Rated Ally . | . . . Total Orders . | . . . Ally Attacks . | . . . Total Damage . | . . . Kills . | . . . Allies Corrupted . | . . . Allies Melted . | . . . Intel | -11 -10 -9 ------- Run | Scr Mat Mat Robot Analysis Total . | . . . Derelict Logs Recovered . | . . . Drone Launches . | . . . Drone Recoveries . | . . . Exploration | -11 -10 -9 ------------- Run | Scr Mat Mat Turns Passed 1461 | 148 1146 167 Spaces Moved 1191 | 91 957 143 Core 13 | 8 . 5 Treads . | . . . Legs 62 | 62 . . Wheels 806 | 21 785 . Hover 123 | . . 123 Flight 187 | . 172 15 Fastest Speed 37 | 50 37 37 Average Speed 85 | 106 86 61 Slowest Speed 200 | 120 117 200 Overloaded Moves . | . . . Propulsion Burnouts . | . . . Robots Hopped . | . . . Cave-ins Triggered . | . . . Exploration Rate (%) 34 | 5 92 6 Regions Visited 2 Branch Regions . Pre-discovered Areas . | . . . Known Exits Taken 1 | . 1 . Unknown Exits Taken 1 | 1 . . Scrap Searched . | . . . Spaces Dug 7 | . 7 . Terrain Destroyed 7 | . 7 . Melee 3 | . 3 . Projectile 4 | . 4 . AOE . | . . . Terrain Rammed . | . . . Walls Destroyed . | . . . Machines Disabled . | . . . Actions | -11 -10 -9 --------- Run | Scr Mat Mat Total 1495 | 128 1151 216 Wait 154 | . 96 58 Move 1189 | 90 956 143 Hop . | . . . Pick Up 19 | 9 10 . Fast Attach 18 | 10 5 3 Attach 7 | 1 3 3 Detach 4 | 2 1 1 Swap 10 | 1 7 2 Drop 22 | 4 16 2 Fire 19 | 11 4 4 Melee 53 | . 53 . Ram . | . . . Kick . | . . . Crush . | . . . Escape Stasis . | . . . Rewire . | . . . Trap . | . . . Miscellaneous . | . . . Route ------- -11/Scrapyard -10/Materials (discovered 5 exits: *Mat x3 / [*Min x2]) -9/Materials History --------- Turn | Location | Event 7 | -11/Scrapyard | Discovered new exit (range 15) 149 | -11/Scrapyard | Entered Materials 328 | -10/Materials | Build established: Mutant 383 | -10/Materials | Discovered new exit (range 6) 420 | -10/Materials | Identified exit to Materials 689 | -10/Materials | Core integrity fell below 50% 877 | -10/Materials | Discovered new exit (range 6) 1295 | -10/Materials | Entered another Materials area 1295 | -9/Materials | Evolved 2 slots: Propulsion x1, Utility x1 1462 | -9/Materials | Self-destructed Last Messages --------------- 01236_ K-01 Serf cleans the Machine. 01250_ Connecting with Recycling Unit... 01267_ Acquired Utility Shielding. PARAMETERS=PROPULSION+1,UTILITY+1 LOCATION=MATERIALS GOAL=ESCAPE 01295_ Dropped Lgt. Ion Engine. 01306_ Acquired Imp. Hover Unit. 01338_ Acquired Lgt. Ion Engine. 01371_ W-16 Scout sends out distress signal. 01415_ Dropped Welding Torch. 01436_ W-16 Scout sends out distress signal. 01444_ Processing Tank disabled. 01445_ Structural Scanner destroyed. 01448_ Flight Unit destroyed. 01449_ Imp. Hover Unit destroyed. 01450_ G-34 Mercenary destroyed. 01450_ Lgt. Ion Engine destroyed. 01451_ Imp. Hover Unit destroyed. 01452_ Acquired 34 matter. Map ----- +----------------------------------------------------+ | | | | | | | | | | | | | | | | | | | ??????????????????##########??????????????????? | | ??????????????????## ##??????????????????? | | ??????????????????##] ##??????????????????? | | ?????????########### ] ##??????????????????? | | ?????????########### % ##???#######????????? | | ?????????## ## # ??? ######????????? | | ?????????## | #####+### ??????? | | ?????????## ??????? | | ?????????#######+###### ### ??????? | | ?????????#### ## ### ??? ######????????? | | ???????????## ## ##????? ######?????## ? | | ???????????## ""## ##??????? ##### ??? # ? | | ???????????## """## ##??????? ##### # ? | | ???????????## """## ##??????? # + ? | | ???????????## """## ########### ### ##? | | ???????????## Y"""## ########### ### ??? ##? | | ???????????## ! = l@ ##?????###? | | ???????????## ss#################????????? | | ???????????###################### ????????? | | ???????????############???????????????????????? | | ??????????????????????????????????????????????? | | ??????????????????????????????????????????????? | | ??????????????????????????????????????????????? | | ??????????????????????????????????????????????? | | ??????????????????????????????????????????????? | | ??????????????????????????????????????????????? | | ??????????????????????????????????????????????? | | ??????????????????????????????????????????????? | | ??????????????????????????????????????????????? | | ??????????????????????????????????????????????? | | ??????????????????????????????????????????????? | | ??????????????????????????????????????????????? | | ??????????????????????????????????????????????? | | ??????????????????????????????????????????????? | | ??????????????????????????????????????????????? | | ??????????????????????????????????????????????? | | ??????????????????????????????????????????????? | | ??????????????????????????????????????????????? | | ??????????????????????????????????????????????? | | ??????????????????????????????????????????????? | | ??????????????????????????????????????????????? | +----------------------------------------------------+ Best States ------------- Heat Dissipation 28 Energy Generation 10 Energy Capacity 250 Matter Stores 300 Matter Capacity 300 Sight Range 16 Terrain Scan Range 16 Terrain Scan Density 10 ECM Strength 1 Utility Shielding 33 Evasion (%) 62 Item Schematics ----------------- None Robot Schematics ------------------ None Fabricated ------------ Nothing Alien Tech Used ----------------- None Achievements -------------- GoHome() Challenges ------------ None Game ------ Seed SubatomicGaussBrace Manual? 0 Play Time 00:28:34 Cumulative 21.0 hours Start 2022.03.21 @ 08:24:42 End 2022.03.21 @ 08:54:06 Sessions 1 Manual Loads 0 Difficulty Rogue Special Mode None Game No. 40 Rogue 40 Adventurer 0 Explorer 0 Win Type - Total 0 Types 0/0/0/0/0/0/0/0/0 Lore% 21 Gallery% 25 Achievement% 20 Wizard Run 0 Options --------- ASCII 0 Keyboard 0 Movement Numpad Keybinds 0 Fullscreen 2 Font 18/SmallcapsGlow Map View 76x50 Tactical HUD 1 Map Filters NONE Filters NONE Steam 1 RUN: a0706368-9463-42ea-8288-473c5c3444e3